 Dungeon Crawl Stone Soup version 0.22-a0-271-gc000056 (webtiles) character file.

252 Ghella the Covered (level 6, 0/39 HPs)
             Began as a Gargoyle Fighter on Mar 10, 2018.
             Slain by a slave (1 damage)
             ... led by Pikel
             ... on level 5 of the Dungeon.
             The game lasted 00:06:42 (3276 turns).

Ghella the Covered (Gargoyle Fighter)               Turns: 3276, Time: 00:06:43

Health: 0/39       AC: 12    Str: 20 (21) XL:     6   Next: 13%
Magic:  6/6        EV:  7    Int:  6 (9)  God:
Gold:   178        SH:  8    Dex:  6 (9)  Spells: 5/5 levels left

rFire    . . .     SeeInvis .   a - +0 flail
rCold    . . .     Gourm    .   c - +0 shield
rNeg     + . .     Faith    .   b - +0 scale mail
rPois    ∞         Spirit   .   (no helmet)
rElec    +         Reflect  .   (no cloak)
rCorr    .         Harm     .   (no gloves)
MR       .....                  (no boots)
Stlth    ..........             (no amulet)
HPRegen  0.13/turn              (no ring)
MPRegen  0.10/turn              (no ring)

@: no status effects
A: negative energy resistance 1, electricity resistance, unbreathing,
petrification resistance, rot immunity, AC +4
a: no special abilities


You were on level 5 of the Dungeon.
You were hungry.

You visited 1 branch of the dungeon, and saw 5 of its levels.

You collected 178 gold pieces.

Inventory:

Hand Weapons
 a - a +0 flail (weapon)
Armour
 b - a +0 scale mail (worn)
 c - a +0 shield (worn)
 l - a +0 plate armour
Jewellery
 d - an uncursed ring of protection from fire {unknown}
 q - an uncursed ring of teleportation
Wands
 k - a wand of acid (8)
Scrolls
 g - a scroll of immolation
 h - a scroll of fog {unknown}
 j - 4 scrolls of identify
 o - a scroll of amnesia {unknown}
 r - a scroll of enchant weapon {unknown}
Potions
 i - a potion of resistance
Comestibles
 f - 5 rations


   Skills:
 + Level 4.5 Fighting
 - Level 2.0 Maces & Flails
 * Level 5.9 Armour
 + Level 1.7 Dodging
 - Level 3.4 Shields


You had 5 spell levels left.
You didn't know any spells.

Dungeon Overview and Level Annotations

Branches:
Dungeon (5/15)
 Temple: D:4-7

Altars:
Nemelex Xobeh

Annotations:
D:4 Sigmund
D:5 Pikel


Innate Abilities, Weirdness & Mutations

You are resistant to torment.
Your stone body is resilient. (AC +4)
You are immune to poison.
You resist negative energy. (rN+)
You are resistant to electric shocks. (rElec)
You can survive without breathing.
You are immune to petrification.
You are immune to rotting.


Message History

The slave hits you. You block the slave's attack. You block Pikel's attack.
The slave hits you. You block the slave's attack.
Pikel says, "Slavery isn't that bad."
Pikel barely misses you. The slave hits you.
* * * LOW HITPOINT WARNING * * *
The slave hits you but does no damage. Pikel hits you with a whip of freezing.
* * * LOW HITPOINT WARNING * * *
Pikel freezes you.
* * * LOW HITPOINT WARNING * * *
Unknown command.
Your shield and scale mail prevent you from hitting Pikel.
Pikel is severely wounded.
The slave barely misses you. The slave hits you.
* * * LOW HITPOINT WARNING * * *
Pikel hits you but does no damage.
You sock Pikel!
Pikel is almost dead.
The slave hits you.
You die...

.....# .....#
.....# ###.## # .#
# .# # .. #
################# #
#...#......ppK@p#
###.#.#.#########p#
........<.........#
############..#....
. .pKpp.......... .
..p).........).. ≈
.≈≈≈≈≈≈≈≈≈≈.≈≈≈≈. ≈
≈≈≈≈≈≈≈≈≈≈≈≈≈≈≈≈≈≈
≈
≈≈≈≈≈≈≈≈≈≈≈≈≈≈≈≈≈≈≈


You could see Pikel and 4 slaves.

Vanquished Creatures
  2 crimson imps (D:5)
  A hound (D:5)
  A worker ant (D:5)
  2 adders
  2 oozes
  An adder zombie (D:5)
  A worm (D:3)
  A dart slug (D:2)
  6 leopard geckos
  6 orcs
  5 bats
  4 giant cockroaches
  11 goblins
  9 hobgoblins
  11 jackals
  5 kobolds
  A quokka (D:3)
  7 frilled lizards
  A jackal skeleton (D:5)
  4 rats
81 creatures vanquished.

Notes
Turn   | Place    | Note
-------+----------+-------------------------------------------
     0 | D:1      | Ghella the Gargoyle Fighter began the quest for the Orb.
     0 | D:1      | Reached XP level 1. HP: 14/14 MP: 1/1
    84 | D:1      | Reached XP level 2. HP: 19/19 MP: 2/2
   173 | D:1      | Found a sparkling altar of Nemelex Xobeh.
   332 | D:1      | Reached skill level 4 in Armour
   366 | D:1      | Reached XP level 3. HP: 21/23 MP: 3/3
  1365 | D:2      | Reached XP level 4. HP: 29/29 MP: 4/4
  2134 | D:2      | Reached skill level 5 in Armour
  2315 | D:3      | Reached XP level 5. HP: 32/33 MP: 5/5
  2606 | D:4      | Reached skill level 1 in Dodging
  2646 | D:4      | Noticed Sigmund
  2657 | D:5      | Entered Level 5 of the Dungeon
  3103 | D:5      | Reached XP level 6. HP: 38/39 MP: 6/6
  3191 | D:5      | Noticed Pikel
  3191 | D:5      | Noticed a slave
  3191 | D:5      | Noticed a slave
  3191 | D:5      | Noticed a slave
  3191 | D:5      | Noticed a slave
  3275 | D:5      | HP: 1/39 [slave[Pikel] (4)]
  3276 | D:5      | Slain by a slave

Vault maps used:
D:1:      minmay_arrival_shattered_statue, nemelex_xobeh_ov_fountains_minmay
D:2:      first_ration
D:4:      minmay_strange_pillars, kennysheep_generic_room_16, uniq_sigmund
D:5:      minmay_goblin_kobold_castle, basic_altar, uniq_pikel

Skill      XL: |  1  2  3  4  5 |
---------------+----------------+-----
Armour         | 4 5 |  5.9
Fighting       | 4 |  4.5
Dodging        | 1 |  1.7
Maces & Flails | |  2.0
Shields        | |  3.4

Action                   |  1- 3 |  4- 6 || total
-------------------------+-------+-------++-------
Melee: Flail             |   144 |   304 ||   448
  Use: Scroll            |       |     5 ||     5
       Potion            |       |    11 ||    11
  Eat: Chunk             |     2 |     6 ||     8
Armor: Scale mail        |    93 |   293 ||   386
Dodge: Dodged            |    68 |   197 ||   265
Block: Shield            |    89 |   258 ||   347

Table legend:
 A = Spawn XP
 B = Non-spawn XP
 C = Spawn XP percentage of total XP
 D = Spawn monster count
 E = Non-spawn monster count
 F = Spawn count percentage of total count
 G = Total turns spent on level
                    A         B        C        D         E        F      G
               +---------+---------+-------+---------+---------+-------+---------
         Total |       0 |     360 |   0.0 |       0 |      81 |   0.0 |  3276
               +---------+---------+-------+---------+---------+-------+---------
           D:1 |       0 |      55 |   0.0 |       0 |      26 |   0.0 |  1085
           D:2 |       0 |      63 |   0.0 |       0 |      24 |   0.0 |   975
           D:3 |       0 |      52 |   0.0 |       0 |      18 |   0.0 |   477
           D:4 |       0 |       3 |   0.0 |       0 |       1 |   0.0 |   120
           D:5 |       0 |     187 |   0.0 |       0 |      12 |   0.0 |   619
               +---------+---------+-------+---------+---------+-------+---------
